cohdb
Replays
Latest Replays
All Replays
Popular Replays
Top Player Replays
Match Explorer
How It Works
Community
CoH3 Stats
Reddit
Sign in to upload your games and track your stats! →
Sign in with Steam
Match 28913145
Unlisted
Match 28913145
Overview
Messages
Build Orders
End
Engineer Squad
Construct Barracks
1⁄4-ton 4x4 Truck
Selects Armored Battlegroup
Selects Veteran Crews
1⁄4-ton 4x4 Truck
Riflemen Squad
.30 cal Machine Gun
Mechanized Support Center
Designate Forward Repair Station
Construct Motor Pool
Selects Fast Deploy
M8 Greyhound Armored Car
M8 Greyhound Armored Car
Rearm and Retrofit
Improvised Armor
Selects M31 Recovery Vehicle
M31 Recovery Vehicle
Selects War Machine
M8 Greyhound Armored Car
HulkSMASH
Ruby
MaximumStoned
kiven
0
0
Comments
sign in to comment!
No comments posted yet!